 Dungeon Crawl Stone Soup version 0.27-a0-492-ga4bb394fd4 (webtiles) character file.

Game seed: 3970475946009584448

347 Gaff the Covert (level 6, -7/37 HPs)
             Began as a Kobold Brigand on Mar 2, 2021.
             Was a Follower of Uskayaw.
             Killed from afar by an orc wizard (8 damage)
             ... with a puff of flame
             ... on level 5 of the Dungeon.
             The game lasted 00:11:27 (4390 turns).

Gaff the Covert (Kobold Brigand)                    Turns: 4390, Time: 00:11:28

Health: -7/37      AC:  7    Str:  6 (9)  XL:     6   Next: 91%
Magic:  6/6        EV: 15    Int:  9 (12) God:    Uskayaw [*.....]
Gold:   226        SH:  0    Dex: 15 (18) Spells: 5/5 levels left

rFire    . . .     SeeInvis .   a - +3 dagger
rCold    . . .     Faith    .   (shield restricted)
rNeg     . . .     Spirit   .   r - +0 leather armour
rPois    .         Reflect  .   y - +1 helmet
rElec    .         Harm     .   c - +0 cloak
rCorr    .         Rampage  .   u - +0 pair of gloves
Will     .....                  (no boots)
Stlth    +++++.....             (no amulet)
HPRegen  0.12/turn              (no ring)
MPRegen  0.10/turn              (no ring)

@: brilliant
A: small, nightstalker 3
a: Renounce Religion, Stomp


You were on level 5 of the Dungeon.
You worshipped Uskayaw.
Uskayaw was noncommittal.
You visited 2 branches of the dungeon, and saw 6 of its levels.

You collected 226 gold pieces.

Inventory:

Hand Weapons
 a - a +3 dagger (weapon)
 j - a +0 short sword
Missiles
 d - 42 poisoned darts (quivered)
 e - 2 curare-tipped darts
Armour
 b - a +0 robe
 c - a +0 cloak (worn)
 n - a +1 scale mail of poison resistance
 q - a +0 helmet
 r - a +0 leather armour (worn)
 u - a +0 pair of gloves (worn)
 y - a +1 helmet (worn)
Jewellery
 A - a ring of fire
Scrolls
 f - 2 scrolls of magic mapping {unknown}
 h - 2 scrolls of enchant weapon
 k - 2 scrolls of identify
 m - 2 scrolls of teleportation {unknown}
 o - 2 scrolls of fog {unknown}
 p - 2 scrolls of fear {unknown}
 x - 2 scrolls of noise {unknown}
Potions
 g - a potion of magic
 l - a potion of curing
 t - a potion of lignification
 v - a potion of degeneration


   Skills:
 + Level 3.1 Fighting
 + Level 4.5 Short Blades
 + Level 2.3 Throwing
 + Level 1.3 Armour
 * Level 3.1 Dodging
 + Level 8.1 Stealth


You had 5 spell levels left.
You didn't know any spells.
Your spell library was empty.

Dungeon Overview and Level Annotations

Branches:
Dungeon (5/15)             Temple (1/1) D:5

Altars:
Ashenzari
Cheibriados
Dithmenos
Elyvilon
Gozag
Hepliaklqana
Kikubaaqudgha
Okawaru
Qazlal
Ru
Sif Muna
Trog
Uskayaw
Vehumet
Wu Jian
Xom

Annotations:
D:4 Dowan, Duvessa


Innate Abilities, Weirdness & Mutations

You are small and have problems with some larger weapons.
You are completely attuned to the shadows.


Message History

The orc wizard barely misses you.
It was a potion of brilliance.
You feel clever all of a sudden. The orc wizard closely misses you.
It was a potion of degeneration.
There was something very wrong with that liquid.
You feel weakened.
You feel dopey.
You feel clumsy.
The orc wizard casts a spell at itself.
The orc wizard flickers and vanishes!
Deactivating autopickup; reactivate with Ctrl-A.
It was a potion of magic.
Magic courses through your body.
You hear some strange, mumbled words.
A puff of flame appears from out of thin air!
The puff of flame misses you.
As you read the scroll labelled GIESECOUMEY, it crumbles to dust.
It is a scroll of enchant weapon.
Your +2 dagger glows red for a moment.
The orc hits you with a +0 whip.
* * * LOW HITPOINT WARNING * * *
You hear some strange, mumbled words.
You are confused.
You're too confused to move!
The orc hits you but does no damage. Something hits you.
* * * LOW HITPOINT WARNING * * *
You barely miss the orc. The orc hits you with a +0 whip.
* * * LOW HITPOINT WARNING * * *
Something hits you but does no damage.
You bump into the rock wall.
The orc barely misses you. Something hits you but does no damage.
You bump into the rock wall.
The orc closely misses you. Something hits you but does no damage.
You bump into the rock wall.
The orc misses you. Something hits you but does no damage.
You hit something but do no damage. The orc closely misses you.
You bump into the rock wall.
You feel less confused.
You hear some strange, mumbled words.
A puff of flame appears from out of thin air!
The puff of flame hits you!
You die...

###########
####.#...@oo..
........{#####
#.......#
##...####
##.## #.# #.#
##'## ##...##


You could see 2 orcs.

Vanquished Creatures
  An ogre (D:5)
  A bullfrog zombie (D:5)
  2 hounds
  A bullfrog skeleton (D:5)
  A worker ant (D:2)
  4 adders
  2 adder skeletons (D:4)
  A dart slug (D:1)
  2 leopard geckos (D:3)
  5 orcs
  2 ball pythons
  6 giant cockroaches
  6 goblins
  4 hobgoblins
  2 jackals (D:1)
  10 bats
  6 frilled lizards
  11 kobolds
  A quokka skeleton (D:5)
  9 rats
77 creatures vanquished.

Notes
Turn   | Place    | Note
-------+----------+-------------------------------------------
     0 | D:1      | Gaff the Kobold Brigand began the quest for the Orb.
     0 | D:1      | Reached XP level 1. HP: 12/12 MP: 1/1
    82 | D:1      | Reached XP level 2. HP: 17/17 MP: 2/2
   121 | D:1      | Reached skill level 6 in Stealth
   436 | D:1      | Reached XP level 3. HP: 14/22 MP: 3/3
  1164 | D:2      | Found a shimmering altar of Xom.
  1270 | D:2      | Reached XP level 4. HP: 27/27 MP: 4/4
  1589 | D:1      | Reached skill level 7 in Stealth
  1985 | D:2      | Found an ornate altar of the Wu Jian Council.
  2044 | D:2      | Noticed a +0 dagger
  2044 | D:2      | Noticed a +0 hand axe
  2064 | D:2      | Found a hide-covered altar of Uskayaw.
  2070 | D:2      | Became a worshipper of Uskayaw the Reveller
  2323 | D:3      | Reached * piety under Uskayaw
  2328 | D:3      | Reached XP level 5. HP: 27/31 MP: 5/5
  3143 | D:4      | Noticed Duvessa
  3143 | D:4      | Noticed Dowan
  3495 | D:5      | Entered Level 5 of the Dungeon
  3522 | D:5      | Reached XP level 6. HP: 37/37 MP: 6/6
  3557 | D:5      | Noticed an ogre
  3581 | D:5      | Reached ** piety under Uskayaw
  3585 | D:5      | Reached *** piety under Uskayaw
  3586 | D:5      | Killed an ogre
  3587 | D:5      | Reached skill level 1 in Armour
  3597 | D:5      | Found a staircase to the Ecumenical Temple.
  3599 | D:5      | Reached skill level 8 in Stealth
  3618 | Temple   | Entered the Ecumenical Temple
  4097 | D:5      | Found a bloodstained altar of Trog.
  4385 | D:5      | HP: 1/37 [orc/+0 whip (4)]
  4390 | D:5      | Killed from afar by an orc wizard

Illustrated notes

Levels and vault maps discovered:
D:1:      lightli_arrival_boilingwater, layout_basic
D:2:      layout_rooms, general_overflow_altar, dancing_weapons_uskayaw,
          overflow_temple_1_default, st_stairs_12
D:3:      layout_loops_cross
D:4:      layout_basic, uniq_duvessa, uniq_crazy_yiuf_cottage
D:5:      layout_loops_corners, grunt_temple_overflow_holy_war,
          nemelex_xobeh_ov_fountains_minmay, old_standard_altar,
          minmay_temple_entry_crystal_x, grunt_tough_drop
Temple:   hc_temple_tempest_star

Skill      XL: |  1  2  3  4  5  6 |
---------------+-------------------+-----
Stealth        | 6 7 8 |  8.1
Short Blades   | 3 4 |  4.5
Dodging        | 2 3 |  3.1
Fighting       | 3 |  3.1
Armour         | 1 |  1.3
Throwing       | |  2.3

Action                   |  1- 3 |  4- 6 || total
-------------------------+-------+-------++-------
Melee: Dagger            |   102 |   164 ||   266
Throw: Dart              |     3 |     4 ||     7
       Throwing net      |       |     1 ||     1
  Use: Scroll            |       |     4 ||     4
       Potion            |       |     6 ||     6
 Stab: Sleeping          |    17 |    20 ||    37
       Distracted        |       |     1 ||     1
       Paralysed         |       |     1 ||     1
Armor: Robe              |    19 |       ||    19
       Leather armour    |       |    48 ||    48
Dodge: Dodged            |    79 |    97 ||   176

Table legend: (Time is in decaauts)
 A = Elapsed time spent in this place.
 B = Non-inter-level travel time spent in this place.
 C = Inter-level travel time spent in this place.
 D = Time resting spent in this place.
 E = Time spent auto-exploring this place.
 F = Levels seen in this place.
 G = Mean time per level.
                   A        B        C        D        E       F      G
               +--------+--------+--------+--------+--------+-----+--------+
         Total |   4349 |   4243 |    106 |    930 |   2446 |   6 |  724.8 |
       Dungeon |   4016 |   3925 |     91 |    930 |   2130 |   5 |  803.2 |
        Temple |    332 |    317 |     15 |      0 |    316 |   1 |  332.0 |
               +--------+--------+--------+--------+--------+-----+--------+

Top non-repeatable levels by time:
     D:1: 1495 daAuts
     D:3: 998 daAuts
     D:2: 714 daAuts
     D:5: 552 daAuts
  Temple: 332 daAuts
     D:4: 254 daAuts
